 Dungeon Crawl Stone Soup version 0.18.1-50-g88ac8fd (webtiles) character file.

91 Chiseanne the Skirmisher (level 4, -2/39 HPs)
             Began as a Centaur Abyssal Knight on Oct 27, 2016.
             Was a Believer of Lugonu.
             Slain by a gnoll
             ... wielding a +0 whip
              (9 damage)
             ... on level 3 of the Dungeon.
             The game lasted 00:06:31 (2245 turns).

Chiseanne the Skirmisher (Centaur Abyssal Knight)   Turns: 2245, Time: 00:06:32

Health: -2/39      AC:  5    Str: 14    XL:     4   Next: 34%
Magic:  6/6        EV:  5    Int: 11    God:    Lugonu [**....]
Gold:   137        SH:  7    Dex: 10    Spells: 0 memorised, 3 levels left

rFire  . . .     SeeInvis .     n - +1 short sword (distort) {** Wormslayer **}
rCold  . . .     Gourm    .     j - +0 ring mail
rNeg   . . .     Faith    .     e - +0 shield
rPois  .         Spirit   .     (no helmet)
rElec  .         Dismiss  .     (no cloak)
rCorr  .         Reflect  .     (no gloves)
SustAt .         Harm     .     (no barding)
MR     .....                    (no amulet)
Stlth  ..........               (no ring)
                                (no ring)

@: very quick, not resistant to hostile enchantments, extremely unstealthy
A: hooves 3, deformed body, speed 2, tough skin 3
a: Depart the Abyss, Bend Space, Renounce Religion


You were on level 3 of the Dungeon.
You worshipped Lugonu.
Lugonu was pleased with you.
You were not hungry.

You visited 1 branch of the dungeon, and saw 3 of its levels.
You visited the Abyss 1 time.

You collected 137 gold pieces.

Inventory:

Hand Weapons
 n - a +1 short sword of distortion (weapon) {** Wormslayer **}
Missiles
 d - 9 bolts
 g - 21 sling bullets
 i - 11 poisoned needles
 l - 4 tomahawks (quivered)
 m - 119 stones
 o - 81 arrows
 r - 2 needles of sleeping
Armour
 e - a +0 shield (worn)
 j - a +0 ring mail (worn)
Scrolls
 b - a scroll of amnesia
Potions
 h - a potion of berserk rage
 p - a potion of magic
 q - a potion of flight
 t - a potion of curing {unknown}
 u - a potion of ambrosia {unknown}
 v - a potion of mutation {unknown}
Comestibles
 a - 2 fruits
 c - 3 bread rations
 f - 2 meat rations
 k - 3 chunks of flesh
 s - a slice of pizza


   Skills:
 * Level 3.6 Fighting
   Level 1.7 Axes
 * Level 2.0 Armour
 - Level 0.6 Dodging
 * Level 1.2 Shields
 * Level 3.2 Invocations


You had 3 spell levels left.
You didn't know any spells.

Dungeon Overview and Level Annotations

Branches:
Dungeon (3/15)

Altars:


Innate Abilities, Weirdness & Mutations

You have hooves in place of feet.
Armour fits poorly on your strangely shaped body.
You cover ground very quickly.
You have extremely tough skin (AC +3).


Message History

Things that are here:
a halberd; 5 gold pieces You barely miss the gnoll.
Your kick misses the gnoll. The gnoll hits you with a whip.
You hit the gnoll but do no damage. Your kick misses the gnoll.
The gnoll blinks!
You hit the gnoll. Your kick misses the gnoll.
The gnoll is heavily wounded.
The gnoll disappears!
The gnoll barely misses you.
You barely miss the gnoll. The gnoll hits you with a whip.
You closely miss the gnoll. The gnoll hits you with a whip!
* * * LOW HITPOINT WARNING * * *
Your shield and ring mail prevent you from hitting the gnoll.
You kick the gnoll.
The gnoll is lightly wounded.
The gnoll hits you but does no damage.
You barely miss the gnoll. You kick the gnoll, but do no damage.
The gnoll is lightly wounded.
The gnoll hits you with a whip!
You die...

#<# #.# #.# #.# ### #.#
#.. #.# #.# #.# #.# ###
#.# #@# .. #.# #g# ..
#.# #.#..#### #.#
#.#..... #.#
#######.#..# #.#
$..........# # #.#
#######.##.#########.#.#
.....................#.#
#######.[...............


You could see a gnoll.

Vanquished Creatures
  2 adders (D:3)
  A gnoll (D:3)
  An ooze (D:2)
  2 worms (D:2)
  2 dart slugs
  An orc (D:3)
  8 bats
  A giant cockroach (D:1)
  2 goblins (D:2)
  9 hobgoblins
  4 kobolds
  A quokka (D:2)
  3 giant newts (D:1)
  4 rats
41 creatures vanquished.

Vanquished Creatures (others)
  An adder (D:2)
  A worm (D:2)
2 creatures vanquished.

Grand Total: 43 creatures vanquished

Notes
Turn   | Place    | Note
--------------------------------------------------------------
     0 | Abyss:1  | Chiseanne the Centaur Abyssal Knight began the quest for the Orb.
     0 | Abyss:1  | Reached XP level 1. HP: 19/19 MP: 2/2
    31 | Abyss:1  | Noticed a raiju
    47 | Abyss:1  | Noticed a raiju
    51 | D:1      | Escaped the Abyss
   257 | D:1      | Reached * piety under Lugonu
   574 | D:1      | Reached XP level 2. HP: 24/26 MP: 3/3
  1223 | D:2      | Reached XP level 3. HP: 31/31 MP: 4/4
  1700 | D:2      | Reached skill level 1 in Shields
  1940 | D:2      | Reached ** piety under Lugonu
  2014 | D:3      | Reached XP level 4. HP: 36/38 MP: 6/6
  2245 | D:3      | Slain by a gnoll

Skill      XL: |  1  2  3  4 |
---------------+-------------+-----
Shields        | 1 |  1.2
Invocations    | 3 |  3.2
Armour         | 2 |  2.0
Fighting       | |  3.6
Axes           | |  1.7
Dodging        | |  0.6

Action                   |  1- 3 |  4- 6 || total
-------------------------+-------+-------++-------
Melee: Hand axe          |    48 |       ||    48
       Kick              |    18 |     3 ||    21
       Short sword       |    59 |    24 ||    83
Throw: Tomahawk          |     1 |       ||     1
Invok: Depart the Abyss  |     1 |       ||     1
  Use: Scroll            |     6 |     1 ||     7
  Eat: Chunk             |     2 |     1 ||     3
Armor: Ring mail         |    45 |     6 ||    51
       Leather armour    |     3 |       ||     3
Dodge: Dodged            |    34 |     5 ||    39
Block: Shield            |    36 |     6 ||    42
